 Dungeon Crawl Stone Soup version 0.29.1-12-g30fa7ad0bf (webtiles) character file.

Game seed: 12877755189062262299

36449 retardedninja the Severer (level 13, -5/123 HPs)
             Began as a Hill Orc Fighter on Dec 12, 2022.
             Was the Champion of Jiyva.
             Slain by a hornet (7 damage)
             ... on level 5 of the Lair of Beasts.
             The game lasted 00:21:54 (15181 turns).

retardedninja the Severer (Hill Orc Fighter)       Turns: 15181, Time: 00:21:55

Health: -5/123     AC: 22    Str: 22 (24) XL:     13   Next: 90%
Magic:  13/13      EV:  8    Int:  6 (8)  God:    Jiyva [******]
Gold:   711        SH:  6    Dex: 11 (12) Spells: 12/12 levels left

rFire   + + .      SeeInvis .   f - +1 war axe
rCold   . . .      Faith    .   c - +0 buckler
rNeg    . . .      Spirit   .   g - +1 plate armour
rPois   .          Reflect  .   d - +0 hat
rElec   .          Harm     .   (no cloak)
rCorr   +          Rampage  .   j - +0 pair of gloves
Will    .....                   (boots unavailable)
Stlth   ..........              o - amulet of the acrobat
HPRegen 2.70/turn               r - +4 ring of slaying
MPRegen 0.63/turn               (no ring)

@: lethally poisoned (-5 -> -6), about to teleport, slowed, very slow
A: talons 3, iridescent scales 2, thin skeletal structure 1, fire resistance 2,
regeneration 1, wild magic 3, translucent skin 1, jelly sensing items, jelly
absorbing missiles
a: Renounce Religion, Oozemancy, Slimify


You were on level 5 of the Lair of Beasts.
You worshipped Jiyva.
Jiyva was exalted by your worship.
You visited 3 branches of the dungeon, and saw 17 of its levels.
You also visited: Sewer and Ossuary.

You collected 711 gold pieces.

Inventory:

Hand Weapons
 f - a +1 war axe (weapon)
Missiles
 i - 4 silver javelins (quivered)
 m - 2 throwing nets
Armour
 c - a +0 buckler (worn)
 d - a +0 hat (worn)
 g - a +1 plate armour (worn)
 j - a +0 pair of gloves (worn)
Jewellery
 k - an amulet of faith
 o - an amulet of the acrobat (around neck)
 r - a +4 ring of slaying (left hand)
Wands
 a - a wand of mindburst (13)
 p - a wand of paralysis (18)
 t - a wand of polymorph (5)
 w - a wand of acid (8)
Scrolls
 e - 3 scrolls of fog
 l - a scroll of acquirement {unknown}
 u - 5 scrolls of identify
 v - a scroll of vulnerability {unknown}
 x - 2 scrolls of teleportation
 z - a scroll of silence {unknown}
Potions
 b - 3 potions of brilliance
 n - 3 potions of mutation
Miscellaneous
 A - a lightning rod (4/4)


   Skills:
 + Level 13.7 Fighting
 + Level 18.3 Axes
 + Level 2.4 Throwing
 + Level 13.4 Armour
 + Level 2.8 Dodging
 + Level 3.0 Stealth
 + Level 8.7 Shields


You had 12 spell levels left.
You didn't know any spells.
Your spell library contained the following spells:

 Spells                   Type           Power      Damage    Failure   Level
 Apportation              Tloc           0%         N/A       100%        1
 Summon Small Mammal      Summ           0%         N/A       100%        1
 Call Canine Familiar     Summ           0%         N/A       100%        3
 Summon Guardian Golem    Hex/Summ       0%         N/A       100%        3
 Airstrike                Air            0%         2d(0-16)  100%        4
 Passage of Golubria      Tloc           0%         N/A       100%        4
 Summon Lightning Spire   Summ/Air       0%         N/A       100%        4
 Alistair's Intoxication  Tmut/Pois      0%         N/A       100%        5
 Lightning Bolt           Conj/Air       0%         1d11      100%        5
 Silence                  Hex/Air        0%         N/A       100%        5
 Lehudib's Crystal Spear  Conj/Erth      0%         10d2      100%        8


Dungeon Overview and Level Annotations

Branches:
Dungeon (11/15)            Temple (1/1) D:6            Lair (5/5) D:11
 Shoals (0/4) Lair:2       Spider (0/4) Lair:3        Slime (0/5) Lair:5
    Orc (0/2) D:9           Sewer (visited)         Ossuary (visited)

Altars:
Fedhas
Gozag
Hepliaklqana
Trog
Uskayaw

Shops:
D:3 *   D:7 (

Annotations:
D:4 3 runed translucent doors, Barsook's ghost, amateur GrFi
Lair:4 2 transporters, Cauraew's ghost, journeyman MiFi
Lair:5 1 runed translucent door


Innate Abilities, Weirdness & Mutations

You have claws for feet.
You are mostly covered in iridescent scales. (AC +4)
You have a somewhat thin skeletal structure. (Dex +2, Stealth+)
Your flesh is very heat resistant. (rF++)
Your natural rate of healing is unusually fast.
Your spells are much harder to cast, but much more powerful.
Your translucent skin slightly reduces your foes' accuracy. (Stealth+)
You have a small jelly attached to you that senses nearby items.
You have a small jelly attached to you that may absorb projectiles.


Message History

* * * LOW HITPOINT WARNING * * *
The tyrant leech draws strength from your injuries!
The hornet stings you.
* * * LOW HITPOINT WARNING * * *
You feel as though you will be slow longer.
The hornet stings you.
* * * LOW HITPOINT WARNING * * *
You are more poisoned.
You feel as though you will be slow longer.
You miss the hornet. You claw the hornet.
The hornet is almost dead.
You hit the hornet. You completely miss the tyrant leech.
You feel very sick.
A nearby plant withers and dies.
The hornet stings you!
* * * LOW HITPOINT WARNING * * *
You are more poisoned.
You feel as though you will be slow longer.
The hornet stings you but does no damage.
The tyrant leech barely misses you.
As you read the scroll of teleportation, it crumbles to dust.
You feel strangely unstable.
You feel very sick.
The hornet stings you but does no damage.
The hornet stings you.
* * * LOW HITPOINT WARNING * * *
You feel as though you will be slow longer.
You block the hornet's attack. The hornet barely misses you.
You block the tyrant leech's attack.
Unknown command.
Okay, then.
Activating: Oozemancy (0% risk of failure)
Press: ? - help, Dir - look around, f - activate
Okay, then.
Okay, then.
As you read the scroll labelled ETAAMNOL QY TIWA, it crumbles to dust.
The creatures around you are filled with an inner flame!
It was a scroll of immolation.
You feel very sick. The hornet misses you. The hornet stings you!
You die...

****** ##*##### ***,,,.####*
#.##.P.### **,,,,,.....##
###.......###
*,,,,***P....###....#.#....#
*,,***
***#..#.....#####...##
**,,,,**** ##.....##.#
###..8
*,,,,,*#.###w@..######
##...# **,,,**,#..yyww#.#
###...#+ *****#....yyy#.##
#....### *,*...#....####
##..##*∆ **,..*#.#..(**
##..## *∆ **,,,**##.#..,***
#...# ** *,,**,* ##.#..,,**
#..#####* *,,**** *#,..,,,*
##.P#..## *,,,,*** *,,...,**
##...#.#


You could see 2 tyrant leeches, a torpor snail (inner flame) and 5 hornets.

Vanquished Creatures
  Josephine (D:11)
  2 boulder beetles
  6 hydras
  Harold (Lair:1)
  Erica (D:8)
  A two-headed ogre (D:9)
  Sonja (D:11)
  Pikel (D:6)
  13 elephants
  6 black mambas
  A gargoyle (D:10)
  Maggie (D:6)
  2 torpor snails
  3 rime drakes (Lair:4)
  6 cane toads
  5 komodo dragons
  5 polar bears
  3 trolls
  21 blink frogs
  Sigmund (D:2)
  3 culicivoras (Lair:3)
  6 wraiths
  17 yaks
  3 basilisks
  2 vampire mosquitoes (D:10)
  3 steam dragons
  12 water moccasins
  4 orc warriors
  2 sky beasts
  2 black bears (D:5)
  11 wolves (Lair:2)
  3 centaurs
  2 phantoms
  2 kobold brigands
  A gnoll sergeant (D:7)
  10 bullfrogs
  2 necrophages
  2 scorpions (D:5)
  2 water moccasin zombies (Ossuary)
  15 wights
  9 killer bees
  3 howler monkeys
  2 vampire bats (Lair:1)
  5 orc priests
  2 jellies (Sewer)
  An iguana (D:5)
  13 orc wizards
  2 mummies (Ossuary)
  3 gnolls (D:7)
  8 adders
  3 river rats
  A shadow imp (D:5)
  A white imp (D:8)
  5 adder zombies (Ossuary)
  3 worms
  35 orcs
  A ball python (D:1)
  9 endoplasms
  6 giant cockroaches
  A gnoll zombie (Ossuary)
  7 goblins
  8 hobgoblins
  16 kobolds
  3 quokkas
  13 bats
  11 frilled lizards
  8 hobgoblin zombies (Ossuary)
  7 kobold zombies (Ossuary)
  7 orc zombies (Ossuary)
  13 rats
391 creatures vanquished.

Vanquished Creatures (collateral kills)
  A wraith (D:11)
1 creature vanquished.

Vanquished Creatures (others)
  A gargoyle (D:10)
  2 slime creatures (Lair:5)
  2 yaks (Lair:4)
  An ice beast (D:5)
  A wolf (Lair:2)
  A centaur (D:5)
  A bullfrog (Lair:4)
  A howler monkey (D:11)
  24 jellies
  2 orc priests (D:10)
  A hound (D:4)
  An orc wizard (D:10)
  2 gnolls (D:7)
  An adder (D:4)
  A hound simulacrum (D:4)
  3 dart slugs
  4 orcs
  An endoplasm (D:4)
  2 kobolds (D:4)
  A quokka (D:4)
  37 fungi
  45 plants
135 creatures vanquished.

Grand Total: 527 creatures vanquished

Notes
Turn   | Place    | Note
-------+----------+-------------------------------------------
     0 | D:1      | retardedninja the Hill Orc Fighter began the quest for the
                  | Orb.
     0 | D:1      | Reached XP level 1. HP: 19/19 MP: 1/1
   186 | D:1      | Reached XP level 2. HP: 13/27 MP: 2/2
   188 | D:1      | Found a faded altar of an unknown god.
   715 | D:1      | Reached skill level 3 in Axes
  1263 | D:1      | Reached XP level 3. HP: 33/33 MP: 3/3
  1678 | D:2      | Noticed Sigmund
  1705 | D:2      | Killed Sigmund
  1706 | D:2      | Reached skill level 5 in Axes
  1706 | D:2      | Reached XP level 4. HP: 24/41 MP: 4/4
  1706 | D:2      | Reached XP level 5. HP: 27/47 MP: 5/5
  3062 | D:3      | Found Hupaec's Assorted Antiques.
  3229 | D:3      | Reached XP level 6. HP: 53/53 MP: 6/6
  3353 | D:3      | Found a glowing drain.
  3357 | Sewer    | Entered a sewer
  3728 | Sewer    | Reached skill level 6 in Axes
  3758 | Sewer    | Found a viscous altar of Jiyva.
  3791 | Sewer    | Became a worshipper of Jiyva Jifynkep the Shapeless
  4278 | D:3      | Reached * piety under Jiyva
  4583 | D:4      | Reached skill level 5 in Armour
  4583 | D:4      | Reached XP level 7. HP: 42/60 MP: 7/7
  4838 | D:4      | Reached skill level 7 in Axes
  4889 | D:4      | Reached ** piety under Jiyva
  5055 | D:4      | Found a runed translucent gate.
  5055 | D:4      | Found a runed translucent gate.
  5055 | D:4      | Found a runed translucent gate.
  5120 | D:4      | Noticed Barsook's ghost (amateur GrFi)
  5621 | D:5      | Entered Level 5 of the Dungeon
  5628 | D:5      | Found a sand-covered staircase.
  5633 | Ossuary  | Entered an ossuary
  5730 | Ossuary  | Reached skill level 5 in Fighting
  5805 | D:5      | Reached skill level 8 in Axes
  5832 | D:4      | HP: 3/61 [something/puff of flame (7)]
  5906 | D:5      | Reached XP level 8. HP: 68/68 MP: 8/8
  5961 | D:5      | Reached skill level 9 in Axes
  6102 | D:5      | Reached *** piety under Jiyva
  6372 | D:5      | Gained mutation: You are partially covered in iridescent
                  | scales. (AC +2) [Jiyva's grace]
  6372 | D:5      | Gained mutation: You are mostly covered in iridescent
                  | scales. (AC +4) [Jiyva's grace]
  6372 | D:5      | Gained mutation: You are completely covered in iridescent
                  | scales. (AC +6) [Jiyva's grace]
  6372 | D:5      | Gained mutation: Your muscles are strong. (Str +4, Int/Dex
                  | -1) [Jiyva's grace]
  6511 | D:5      | Reached skill level 10 in Axes
  6688 | D:6      | Noticed Pikel
  6704 | D:6      | Killed Pikel
  6705 | D:6      | Reached skill level 11 in Axes
  6705 | D:6      | Reached XP level 9. HP: 55/78 MP: 9/9
  7163 | D:6      | Reached **** piety under Jiyva
  7259 | D:6      | Noticed Maggie
  7273 | D:6      | Killed Maggie
  7274 | D:6      | Reached skill level 1 in Throwing
  7274 | D:6      | Reached skill level 5 in Shields
  7392 | D:6      | Found a staircase to the Ecumenical Temple.
  7464 | Temple   | Entered the Ecumenical Temple
  7525 | D:7      | Found Yhuabi's Antique Weapon Emporium.
  7630 | D:7      | Reached skill level 12 in Axes
  7809 | D:7      | Reached ***** piety under Jiyva
  7852 | D:7      | Gained mutation: You have a small jelly attached to you
                  | that may absorb projectiles. [Jiyva's grace]
  7852 | D:7      | Gained mutation: You have acidic saliva. [Jiyva's grace]
  7852 | D:7      | Gained mutation: Your system is resistant to poisons.
                  | (rPois) [Jiyva's grace]
  7852 | D:7      | Gained mutation: You have a somewhat thin skeletal
                  | structure. (Dex +2, Stealth+) [Jiyva's grace]
  8075 | D:8      | Reached XP level 10. HP: 86/86 MP: 10/10
  8259 | D:8      | Found a hide-covered altar of Uskayaw.
  8259 | D:8      | Found a hazy altar of Hepliaklqana.
  8259 | D:8      | Found a blossoming altar of Fedhas.
  8289 | D:8      | Reached skill level 13 in Axes
  8401 | D:8      | Noticed Erica
  8410 | D:8      | Killed Erica
  8835 | D:9      | Noticed a two-headed ogre
  8843 | D:9      | Killed a two-headed ogre
  8844 | D:9      | Reached skill level 14 in Axes
  9097 | D:9      | Lost mutation: You are completely covered in iridescent
                  | scales. (AC +6) [Jiyva's grace]
  9097 | D:9      | Gained mutation: Your flesh is heat resistant. (rF+)
                  | [Jiyva's grace]
  9097 | D:9      | Gained mutation: Your flesh is very heat resistant. (rF++)
                  | [Jiyva's grace]
  9097 | D:9      | Gained mutation: Your flesh is almost immune to the effects
                  | of heat. (rF+++) [Jiyva's grace]
  9097 | D:9      | Gained mutation: Your body has grown eyes which may confuse
                  | attackers. (Acc +3) [Jiyva's grace]
  9172 | D:9      | Found a staircase to the Orcish Mines.
  9308 | D:9      | Reached skill level 1 in Dodging
  9461 | D:9      | Reached ****** piety under Jiyva
  9841 | D:10     | Entered Level 10 of the Dungeon
  9905 | D:10     | Noticed a gargoyle
  9926 | D:10     | Reached XP level 11. HP: 82/95 MP: 11/11
  9933 | D:10     | Reached skill level 15 in Axes
 10053 | D:10     | Found an opulent altar of Gozag.
 10072 | D:10     | Noticed a boulder beetle
 10089 | D:10     | Slimified a boulder beetle
 10089 | D:10     | a boulder beetle changed into a slime creature
 10114 | D:10     | Reached skill level 1 in Stealth
 10506 | D:11     | Found a staircase to the Lair.
 10569 | D:11     | Noticed a boulder beetle
 10584 | D:11     | Killed a boulder beetle
 10611 | D:11     | Noticed Snorg
 10619 | D:11     | Slimified Snorg
 10619 | D:11     | Noticed Snorg
 10619 | D:11     | Snorg changed into Snorg the slime creature
 10734 | D:11     | Noticed Sonja
 10740 | D:11     | Killed Sonja
 10767 | D:11     | Found a blossoming altar of Fedhas.
 10891 | D:11     | Lost mutation: Your flesh is almost immune to the effects
                  | of heat. (rF+++) [Jiyva's grace]
 10891 | D:11     | Lost mutation: Your system is resistant to poisons. (rPois)
                  | [Jiyva's grace]
 10891 | D:11     | Lost mutation: You have acidic saliva. [Jiyva's grace]
 10891 | D:11     | Lost mutation: Your body has grown eyes which may confuse
                  | attackers. (Acc +3) [Jiyva's grace]
 10891 | D:11     | Gained mutation: Your natural rate of healing is unusually
                  | fast. [Jiyva's grace]
 10891 | D:11     | Gained mutation: You heal very quickly. [Jiyva's grace]
 10891 | D:11     | Gained mutation: You regenerate. [Jiyva's grace]
 10891 | D:11     | Gained mutation: You are covered in slimy tendrils that may
                  | disarm your opponents. [Jiyva's grace]
 11180 | D:11     | Noticed Josephine
 11202 | D:11     | Reached skill level 10 in Armour
 11204 | D:11     | Killed Josephine
 11541 | Lair:1   | Entered Level 1 of the Lair of Beasts
 11568 | Lair:1   | Reached skill level 16 in Axes
 11604 | Lair:1   | Reached skill level 10 in Fighting
 11805 | Lair:1   | Reached XP level 12. HP: 95/107 MP: 12/12
 11915 | Lair:1   | Noticed Harold
 11928 | Lair:1   | Killed Harold
 12403 | Lair:2   | Found a staircase to the Shoals.
 12428 | Lair:2   | Noticed a four-headed hydra
 12444 | Lair:2   | Killed a 12-headed hydra
 12467 | Lair:2   | Noticed a six-headed hydra
 12477 | Lair:2   | Killed a 12-headed hydra
 12521 | Lair:2   | Reached skill level 17 in Axes
 12561 | Lair:2   | Lost mutation: You regenerate. [Jiyva's grace]
 12561 | Lair:2   | Lost mutation: You are covered in slimy tendrils that may
                  | disarm your opponents. [Jiyva's grace]
 12561 | Lair:2   | Gained mutation: You have sharp toenails. [Jiyva's grace]
 12561 | Lair:2   | Gained mutation: You have razor-sharp toenails. [Jiyva's
                  | grace]
 12561 | Lair:2   | Gained mutation: You have claws for feet. [Jiyva's grace]
 12561 | Lair:2   | Gained mutation: Your translucent skin slightly reduces
                  | your foes' accuracy. (Stealth+) [Jiyva's grace]
 13293 | Lair:3   | Noticed a six-headed hydra
 13305 | Lair:3   | Killed a 14-headed hydra
 13363 | Lair:3   | Found a hole to the Spider Nest.
 13487 | Lair:3   | Noticed an eight-headed hydra
 13498 | Lair:3   | Killed a 16-headed hydra
 13770 | Lair:3   | Noticed a seven-headed hydra
 13784 | Lair:3   | Killed a 12-headed hydra
 13787 | Lair:3   | Reached XP level 13. HP: 40/118 MP: 13/13
 14098 | Lair:3   | Lost mutation: You heal very quickly. [Jiyva's grace]
 14098 | Lair:3   | Lost mutation: Your muscles are strong. (Str +4, Int/Dex
                  | -1) [Jiyva's grace]
 14098 | Lair:3   | Gained mutation: You have a small jelly attached to you
                  | that senses nearby items. [Jiyva's grace]
 14098 | Lair:3   | Gained mutation: Your spells are a little harder to cast,
                  | but a little more powerful. [Jiyva's grace]
 14098 | Lair:3   | Gained mutation: Your spells are harder to cast, but more
                  | powerful. [Jiyva's grace]
 14098 | Lair:3   | Gained mutation: Your spells are much harder to cast, but
                  | much more powerful. [Jiyva's grace]
 14295 | Lair:4   | Found a transporter.
 14312 | Lair:4   | Found a transporter.
 14514 | Lair:4   | Noticed Cauraew's ghost (journeyman MiFi)
 14516 | Lair:4   | Found a bloodstained altar of Trog.
 14664 | Lair:4   | Reached skill level 18 in Axes
 14886 | Lair:5   | Entered Level 5 of the Lair of Beasts
 15131 | Lair:5   | Found a runed translucent door.
 15132 | Lair:5   | Noticed an ice dragon
 15166 | Lair:5   | Paralysed by a hornet for 3 turns
 15179 | Lair:5   | HP: 6/123 [hornet (9)]
 15180 | Lair:5   | HP: 2/123 [hornet (2)]
 15181 | Lair:5   | Slain by a hornet

Illustrated notes

Levels and vault maps discovered:
D:1:      dpeg_arrival_tiny_e, layout_loops_ring,
          chequers_ecumenical_altar_simple
D:2:      layout_basic, uniq_sigmund
D:3:      minmay_inner_zag, layout_loops_ring, serial_shops, shop,
          gup_sewer_entry_spiral
D:4:      layout_layer_cave, gammafunk_ghost_icy,
          hangedman_decor_clover_reticule
D:5:      layout_cave_pools, enter_ossuary_2
D:6:      layout_rooms, minmay_temple_entry_antechambers, serial_aquarium,
          aquarium_bridge_square [aquarium_subvault_bridge,
          aquarium_subvault_wall, aquarium_subvault_balcony,
          aquarium_subvault_bridge], aquarium_window_corridor_2,
          aquarium_window_corner, aquarium_view_2a, aquarium_pool_2,
          uniq_maggie, uniq_pikel
D:7:      layout_basic, serial_shops, nicolae_shop_trees
D:8:      layout_loops_ring, gammafunk_temple_overflow_claw,
          kennysheep_small_square, uniq_erica
D:9:      layout_layer_cave, orc_0_dummy, ebering_dispersal_statue_hall,
          hangedman_decor_peaks_small
D:10:     minmay_flawed_box, layout_cross,
          nicolae_gozag_cash_rules_everything_around_me, grunt_ministairs_1
D:11:     layout_roguey, lair_entry_dummy, serial_corexii_hall,
          corexii_hall_statues_deadend, chequers_hall_statues_y, fedhas_altar_2,
          uniq_snorg, uniq_josephine, uniq_sonja
Temple:   dpeg_five_rooms_temple
Lair:1:   layout_regular_city, roderic_batcave, uniq_harold
Lair:2:   hellmonk_destroyed_diamonds, layout_cellular_growth,
          shoals_dummy_entry
Lair:3:   layout_chaotic_city, hellmonk_spider_entry_life_and_decay,
          serial_bayou_shore_b, grunt_megastairs_4
Lair:4:   layout_gridlike, gammafunk_ghost_wrathful_warriors
Lair:5:   wormcave, layout_loops_ring, hangedman_lair_in_review,
          minmay_slime_entry_pillars, lemuel_fruit_fields

Skill      XL: |  1  2  3  4  5  6  7  8  9 10 11 12 13 |
---------------+----------------------------------------+-----
Axes           | 3 5 6 8 11 12 14 16 17 18 | 18.3
Fighting       | 4 5 6 7 8 10 12 13 | 13.7
Armour         | 4 5 7 8 9 10 11 13 | 13.4
Shields        | 4 5 6 7 8 |  8.7
Throwing       | 2 |  2.4
Dodging        | 1 2 |  2.8
Stealth        | 2 3 |  3.0

Action                   |  1- 3 |  4- 6 |  7- 9 | 10-12 | 13-15 || total
-------------------------+-------+-------+-------+-------+-------++-------
Melee: War axe           |   108 |   164 |   320 |   486 |   230 ||  1308
       Bite              |       |       |     4 |    16 |       ||    20
       Kick              |       |       |       |    43 |    98 ||   141
Throw: Javelin           |     9 |       |     4 |       |       ||    13
Invok: Slimify           |       |       |       |     2 |       ||     2
  Use: Potion            |     2 |       |     4 |    10 |     5 ||    21
       Scroll            |       |     1 |     8 |     3 |     3 ||    15
 Stab: Distracted        |       |     1 |       |       |       ||     1
       Confused          |       |       |       |     1 |       ||     1
       Invisible         |       |       |       |     6 |       ||     6
Armor: Scale mail        |    32 |       |       |       |       ||    32
       Plate armour      |    42 |   111 |   225 |   332 |   144 ||   854
Dodge: Dodged            |    47 |    42 |   102 |   243 |   111 ||   545
Block: Buckler           |    20 |    36 |    61 |   142 |    49 ||   308
